 Dungeon Crawl Stone Soup version 0.26-a0-652-gafc20e3620 (webtiles) character file.

Game seed: 16632069215511855029

2048 smeego the Slasher (level 9, -5/67 HPs)
             Began as an Octopode Fighter on Oct 3, 2020.
             Was an Initiate of Gozag.
             Shot with an arrow by a centaur (16 damage)
             ... on level 7 of the Dungeon.
             The game lasted 00:08:26 (7906 turns).

smeego the Slasher (Octopode Fighter)               Turns: 7906, Time: 00:08:26

Health: -5/67      AC:  1    Str: 15    XL:     9   Next: 25%
Magic:  9/9        EV: 15    Int: 13    God:    Gozag
Gold:   279        SH: 11    Dex: 19    Spells: 8/8 levels left

rFire    x . .     SeeInvis .   n - +3 dagger (vamp)
rCold    + . .     Faith    .   b - +1 kite shield
rNeg     . . .     Spirit   .   (helmet restricted)
rPois    +         Reflect  .   q - amulet of Guwnohit {rF- rC+ Regen+ Dex+7}
rElec    .         Harm     .   o - ring of poison resistance
rCorr    .         Rampage  .   (no ring)
MR       +....                  (no ring)
Stlth    ++++......             (no ring)
HPRegen  0.61/turn              (no ring)
MPRegen  0.11/turn              (no ring)
                                (no ring)
                                (no ring)

@: no status effects
A: almost no armour, stealthy swim, amphibious, 8 rings, constrict 8, tentacle
spike 1, camouflage 1, magic resistance 1, robust 1, gelatinous body 1
a: Potion Petition, Call Merchant, Bribe Branch, Renounce Religion


You were on level 7 of the Dungeon.
You worshipped Gozag.
Gozag was aware of your devotion.
You visited 2 branches of the dungeon, and saw 8 of its levels.

You collected 381 gold pieces.
You paid 102 gold pieces to Gozag.

Inventory:

Hand Weapons
 a - a +0 long sword
 j - a +0 dagger of venom
 n - a +3 vampiric dagger (weapon)
 x - a -3 falchion
 y - the +7 hunting sling "Qer Koumaug" {flame, rElec Dex+3}
   (You found it on level 7 of the Dungeon)

   It causes projectiles fired from it to burn those they strike, causing extra
   injury to most foes and up to half again as much damage against particularly
   susceptible opponents.
   It affects your dexterity (+3).
   It insulates you from electricity.
Missiles
 e - 23 poisoned darts (quivered)
 u - 23 sling bullets
Armour
 b - a +1 kite shield (worn)
Jewellery
 o - a ring of poison resistance (left tentacle)
 q - the amulet of Guwnohit (around mantle) {rF- rC+ Regen+ Dex+7}
   (You found it on level 4 of the Dungeon)

   [amulet of regeneration]

   It affects your dexterity (+7).
   It makes you vulnerable to fire.
   It protects you from cold.
   It increases your rate of regeneration.
Wands
 z - a wand of flame (37)
Scrolls
 d - 2 scrolls of enchant weapon
 g - 2 scrolls of teleportation
 h - a scroll of fear {unknown}
 k - 3 scrolls of remove curse
 p - a scroll of enchant armour
 r - 2 scrolls of immolation
 v - a scroll of blinking {unknown}
 w - 2 scrolls of magic mapping {unknown}
 A - 2 scrolls of brand weapon {unknown}
Potions
 c - a potion of might
 f - 2 potions of haste
 i - 2 potions of stabbing
 l - a potion of heal wounds
 m - 2 potions of cancellation
 s - a potion of flight {unknown}
 t - 4 potions of curing


   Skills:
 + Level 5.1 Fighting
 * Level 6.3 Long Blades
 + Level 0.6(2.4) Slings
 - Level 3.8(3.9) Throwing
 + Level 5.1 Dodging
 + Level 5.6 Stealth
 + Level 5.1 Shields
 + Level 3.8 Unarmed Combat


You had 8 spell levels left.
You didn't know any spells.
Your spell library was empty.

Dungeon Overview and Level Annotations

Branches:
Dungeon (7/15)             Temple (1/1) D:7

Altars:
Cheibriados
Dithmenos
Elyvilon
Gozag
Kikubaaqudgha
Makhleb
Nemelex Xobeh
Okawaru
Qazlal
Vehumet
Wu Jian
Xom
Yredelemnul
Zin
The Shining One


Innate Abilities, Weirdness & Mutations

You cannot wear most types of armour.
You are very stealthy in the water. (Stealth+)
You are amphibious.
You can wear up to eight rings at the same time.
You can use your tentacles to constrict eight enemies at once.
Your skin changes colour to match your surroundings (Stealth+).
Your rubbery body absorbs attacks. (AC +1, EV +1)
One of your tentacles bears a spike.
You are resistant to hostile enchantments. (MR+)
You are robust. (+10% HP)


Message History

The sky beast shocks you.
Unknown command.
You barely miss the sky beast.
You pierce the sky beast, but do no damage.
The sky beast is heavily wounded.
The centaur shoots an arrow.
The arrow hits you!
The sky beast flickers out of sight!
Deactivating autopickup; reactivate with Ctrl-A.
Something hits you. Something shocks you.
The centaur shoots an arrow.
You block the arrow.
The centaur shoots an arrow.
Something hits you. Something shocks you.
* * * LOW HITPOINT WARNING * * *
You see here an arrow.
The centaur shoots an arrow.
Something hits you.
* * * LOW HITPOINT WARNING * * *
Something shocks you.
* * * LOW HITPOINT WARNING * * *
The centaur shoots an arrow.
The arrow hits you!
You die...
Your body crumbles into a pile of gold.

### #......#####..##......#.....#
..###...##......................#
#.>.....#####....#####..........#
.###...###....##.#####..........#
..................!##...........#
####.#.##....#.#.#.##.........###
####.#....##.#.#.#.##......####
.......#..........((..#.#.##
###....#.##.#.##@#(..##.#.#
#.........#....#.#.# <#.#
#..##.#.#...#..........
##....#.#.>.#.##c#.##.#
#..#...........(..# ...
##..#....#.#.#....## #..
##.....##.#.#.#.#...
##...#...........#...#
##.#)#.#.#.##.#.....


You could see a centaur.

Vanquished Creatures
  Maggie (D:7)
  Menkaure (D:4)
  A water moccasin (D:6)
  2 ice beasts (D:6)
  3 phantoms
  2 centaurs (D:6)
  A big kobold (D:7)
  A scorpion (D:6)
  A bullfrog zombie (D:4)
  2 centaur zombies (D:4)
  2 jellies (D:6)
  4 hounds
  A bullfrog skeleton (D:5)
  2 orc priests
  6 orc wizards
  A worker ant (D:6)
  A hound skeleton (D:4)
  Robin (D:2)
  7 adders
  2 white imps (D:6)
  2 ufetubi
  An ooze (D:3)
  An adder zombie (D:4)
  2 adder skeletons (D:4)
  3 worms
  A dart slug (D:3)
  9 leopard geckos
  11 orcs
  2 ball pythons
  2 giant cockroaches
  11 goblins
  10 hobgoblins
  12 jackals
  3 quokkas
  5 bats
  4 frilled lizards
  13 kobolds
  A leopard gecko skeleton (D:4)
  A leopard gecko zombie (D:4)
  2 quokka skeletons (D:4)
  A quokka zombie (D:4)
  4 rats
143 creatures vanquished.

Notes
Turn   | Place    | Note
-------+----------+-------------------------------------------
     0 | D:1      | smeego the Octopode Fighter began the quest for the Orb.
     0 | D:1      | Reached XP level 1. HP: 16/16 MP: 1/1
   397 | D:1      | Reached XP level 2. HP: 21/21 MP: 2/2
   916 | D:2      | Reached XP level 3. HP: 26/26 MP: 3/3
   976 | D:2      | Reached skill level 1 in Stealth
  1337 | D:2      | Noticed Robin
  1354 | D:2      | Killed Robin
  1354 | D:2      | Reached skill level 1 in Throwing
  1361 | D:2      | Reached XP level 4. HP: 19/31 MP: 4/4
  1647 | D:2      | Found a burning altar of Makhleb.
  1652 | D:2      | Reached skill level 1 in Unarmed Combat
  1836 | D:3      | Gained mutation: One of your tentacles bears a spike.
                  | [potion of mutation]
  1836 | D:3      | Gained mutation: You are resistant to hostile enchantments.
                  | (MR+) [potion of mutation]
  1836 | D:3      | Gained mutation: You are robust. (+10% HP) [potion of
                  | mutation]
  1852 | D:3      | Reached skill level 3 in Long Blades
  1852 | D:3      | Reached XP level 5. HP: 16/39 MP: 5/5
  2394 | D:3      | Found a faded altar of an unknown god.
  2827 | D:3      | Reached XP level 6. HP: 45/46 MP: 6/6
  3457 | D:4      | Got a scintillating golden amulet
  3474 | D:4      | Identified the amulet of Guwnohit {rF- rC+ Regen+ Dex+7}
                  | (You found it on level 4 of the Dungeon)
  3547 | D:4      | Noticed a phantom
  3661 | D:4      | Noticed Menkaure
  3668 | D:4      | Killed Menkaure
  3668 | D:4      | Reached skill level 4 in Long Blades
  3668 | D:4      | Reached XP level 7. HP: 51/51 MP: 7/7
  4101 | D:5      | Entered Level 5 of the Dungeon
  4917 | D:5      | Found a stormy altar of Qazlal.
  5021 | D:6      | Found an ancient bone altar of Kikubaaqudgha.
  5021 | D:6      | Found a basalt altar of Yredelemnul.
  5021 | D:6      | Found a glowing silver altar of Zin.
  5640 | D:6      | HP: 1/52 [ice beast (3)]
  5646 | D:6      | Reached XP level 8. HP: 18/59 MP: 8/8
  6079 | D:6      | Reached skill level 5 in Long Blades
  6954 | D:6      | Found a glowing golden altar of the Shining One.
  7010 | D:6      | Reached skill level 5 in Stealth
  7327 | D:6      | Noticed a troll
  7333 | D:7      | Noticed Maggie
  7343 | D:7      | Killed Maggie
  7343 | D:7      | Reached skill level 6 in Long Blades
  7343 | D:7      | Reached XP level 9. HP: 59/66 MP: 9/9
  7468 | D:7      | Found a staircase to the Ecumenical Temple.
  7486 | Temple   | Entered the Ecumenical Temple
  7524 | Temple   | Became a worshipper of Gozag Ym Sagoz the Greedy
  7588 | D:7      | Reached skill level 5 in Fighting
  7588 | D:7      | Reached skill level 5 in Dodging
  7588 | D:7      | Reached skill level 5 in Shields
  7638 | D:7      | Got a crude hunting sling
  7639 | D:7      | Identified the +7 hunting sling "Qer Koumaug" {flame, rElec
                  | Dex+3} (You found it on level 7 of the Dungeon)
  7674 | D:7      | Found a radiant altar of Vehumet.
  7906 | D:7      | Shot with an arrow by a centaur

Illustrated notes

Levels and vault maps discovered:
D:1:      dpeg_arrival_rhombi, layout_basic, chequers_serial_rivers_small_b,
          chequers_big_river, chequers_arboretum
D:2:      minmay_wonky_spiral, layout_loops_ring, makhleb_blood_cavern_becter,
          uniq_robin
D:3:      layout_loops_corners, serial_glass, glass_columns_b, glass_columns_b,
          chequers_ecumenical_altar_simple
D:4:      layout_rooms, serial_undead, serial_undead_e, serial_undead_d,
          serial_undead_c, serial_undead_e, uniq_menkaure
D:5:      layout_loops_ring, lemuel_round_altar
D:6:      layout_rooms, chequers_temple_overflow_statue_of_worship,
          lemuel_doored_altar
D:7:      layout_rooms, minmay_temple_entry_ruins, vehumet_altar_wand_db,
          uniq_maggie
Temple:   eino_temple_rhombus

Skill      XL: |  1  2  3  4  5  6  7  8  9 |
---------------+----------------------------+-----
Stealth        | 1 2 3 4 5 |  5.6
Throwing       | 1 2 3 |  3.8
Unarmed Combat | 1 2 3 |  3.8
Long Blades    | 3 4 6 |  6.3
Fighting       | 4 5 |  5.1
Dodging        | 4 5 |  5.1
Shields        | 4 5 |  5.1
Slings         | |  0.6

Action                   |  1- 3 |  4- 6 |  7- 9 || total
-------------------------+-------+-------+-------++-------
Melee: Long sword        |    56 |    79 |   141 ||   276
       Constrict         |    17 |    29 |    36 ||    82
       Tentacles         |    11 |    23 |    52 ||    86
       Kick              |       |    23 |    82 ||   105
       Punch             |       |       |     5 ||     5
       Dagger            |       |       |    37 ||    37
 Fire: Hunting sling     |       |       |    13 ||    13
  Use: Potion            |     3 |     4 |     5 ||    12
       Scroll            |       |     4 |     7 ||    11
 Stab: Sleeping          |     7 |     8 |     4 ||    19
Armor: Skin              |     3 |     3 |     5 ||    11
Dodge: Dodged            |    20 |    44 |    97 ||   161
Block: Kite shield       |    16 |    28 |    74 ||   118
       Rpst.: Long sword |     8 |    19 |    23 ||    50

Table legend: (Time is in decaauts)
 A = Elapsed time spent in this place.
 B = Non-inter-level travel time spent in this place.
 C = Inter-level travel time spent in this place.
 D = Time resting spent in this place.
 E = Time spent auto-exploring this place.
 F = Levels seen in this place.
 G = Mean time per level.
                   A        B        C        D        E       F      G
               +--------+--------+--------+--------+--------+-----+--------+
         Total |   7965 |   7902 |     63 |   2858 |   3851 |   8 |  995.6 |
       Dungeon |   7910 |   7863 |     47 |   2858 |   3817 |   7 | 1130.0 |
        Temple |     54 |     38 |     16 |      0 |     34 |   1 |   54.0 |
               +--------+--------+--------+--------+--------+-----+--------+

Top non-repeatable levels by time:
     D:6: 2331 daAuts
     D:2: 1320 daAuts
     D:4: 1013 daAuts
     D:5: 924 daAuts
     D:3: 913 daAuts
     D:1: 892 daAuts
     D:7: 515 daAuts
  Temple: 54 daAuts
